AoeStats
← Daddyroids

Highland

505777251Analyzed
4v4 RM · 22d ago on Sep 11, 2026· 42m 12s· 8 players
Game mode
Random Map
Map size
Large (8 player)
Population
200
Speed
Normal
Resources
Standard
Victory
Conquest
Starting age
Dark Age
Ending age
Imperial Age
RankedLock teamsTeams togetherTeam positionsShared explorationLock speedFull tech treeHidden civsTurbo modeCheats
Victory
Defeat
🇺🇸 Turks · United States
890
+14
🇨🇦 Mapuche · Canada
856
+20
🇺🇸 Huns · United States
838
+16
🇺🇸 Khmer · United States
834
+16
🇺🇸 Mongols · United States
921
-19
🇺🇸 Khmer · United States
814
-14
🇺🇸 Persians · United States
813
-14
🇺🇸 Dravidians · United States
798
-14
Hobilar
0:55 Loom
12:26 Feudal Age
15:22 Wheelbarrow
17:51 Double-Bit Axe
19:03 Horse Collar
22:50 Castle Age
21:17 Gold Mining
21:21 Stone Mining
21:23 Fletching
24:51 Bodkin Arrow
27:11 Bow Saw
28:03 Hand Cart
28:24 Heavy Plow
29:05 Caravan
30:18 Stone Shaft Mining
30:21 Gold Shaft Mining
29:30 Treadmill Crane
29:46 Murder Holes
30:42 Fishing Lines
35:58 Imperial Age
33:39 Padded Archer Armor
35:03 Forging
35:08 Leather Archer Armor
35:17 Ballistics
35:08 Masonry
34:50 Town Watch
37:16 Butalmapu
38:36 Malon
39:10 Elite Bolas Rider
40:37 Ring Archer Armor
41:40 Chemistry
41:39 Conscription
41:57 Hoardings
MousePuddles
0:35 Loom
15:36 Feudal Age
17:15 Double-Bit Axe
17:12 Horse Collar
17:25 Gold Mining
22:59 Castle Age
26:39 Caravan
31:59 Imperial Age
36:50 Padded Archer Armor
38:09 Stone Mining
Bruin878
1:59 Loom
14:35 Feudal Age
20:45 Castle Age
19:28 Stone Mining
20:16 Wheelbarrow
19:25 Horse Collar
21:08 Double-Bit Axe
21:16 Gold Mining
24:37 Hand Cart
26:30 Heavy Plow
28:29 Town Watch
33:41 Imperial Age
32:13 Caravan
32:41 Bloodlines
32:33 Husbandry
32:36 Marauders
33:20 Scale Barding Armor
33:26 Forging
33:43 Elite Tarkan
34:44 Conscription
35:06 Chain Barding Armor
37:10 Plate Barding Armor
37:11 Iron Casting
38:08 Gold Shaft Mining
37:39 Elite Skirmisher
43:30 Blast Furnace
Daddyroids
13:01 Feudal Age
13:41 Horse Collar
13:50 Double-Bit Axe
18:31 Castle Age
17:29 Stone Mining
17:32 Gold Mining
28:20 Imperial Age
26:46 Caravan
29:27 Conscription
30:55 Heavy Plow
31:16 Double Crossbow
32:29 Gold Shaft Mining
32:02 Scale Barding Armor
32:16 Elite Ballista Elephant
34:35 Chemistry
35:22 Stone Shaft Mining
35:14 Chain Barding Armor
37:47 Wheelbarrow
37:55 Ballistics
39:00 Hand Cart
39:29 Plate Barding Armor
38:55 Padded Archer Armor
38:45 Fletching
42:29 Bow Saw
42:29 Siege Engineers
BasicOrc4106
1:20 Loom
2:00 Loom
12:51 Feudal Age
13:58 Double-Bit Axe
16:47 Gold Mining
19:23 Castle Age
19:05 Wheelbarrow
18:16 Town Watch
18:25 Horse Collar
20:29 Bow Saw
20:21 Padded Archer Armor
20:11 Fletching
21:41 Stone Mining
21:57 Heavy Plow
24:58 Bodkin Arrow
27:07 Hand Cart
27:05 Herbal Medicine
32:05 Imperial Age
29:57 Ballistics
30:10 Leather Archer Armor
32:45 Thumb Ring
32:50 Bracer
33:20 Ring Archer Armor
34:05 Chemistry
34:22 Town Patrol
35:50 Conscription
36:21 Forging
36:16 Scale Barding Armor
36:48 Medical Corps
37:20 Murder Holes
37:32 Elite Elephant Archer
39:43 Two-Man Saw
38:52 Husbandry
39:54 Chain Barding Armor
40:10 Iron Casting
.:sTeeL:.
1:47 Loom
HereticMink
0:27 Loom
12:14 Feudal Age
13:11 Horse Collar
13:23 Double-Bit Axe
18:24 Castle Age
16:51 Stone Mining
18:14 Wheelbarrow
20:44 Town Watch
24:47 Caravan
26:42 Hand Cart
26:51 Heavy Plow
28:52 Bow Saw
34:53 Imperial Age
32:54 Gold Mining
32:58 Fletching
36:05 Bloodlines
35:55 Husbandry
37:49 Double Crossbow
37:30 Heavy Scorpion
38:33 Scale Barding Armor
38:52 Bodkin Arrow
39:12 Forging
39:26 Ballistics
39:20 Masonry
38:46 Light Cavalry
Jdz702
2:07 Loom
10:31 Feudal Age
12:13 Horse Collar
12:19 Double-Bit Axe
16:48 Fletching
17:02 Padded Archer Armor
17:09 Scale Barding Armor
17:16 Forging
22:01 Castle Age
21:30 Stone Mining
21:33 Gold Mining
23:44 Bow Saw
25:13 Caravan
25:55 Kamandaran
25:19 Crossbowman
26:06 Thumb Ring
27:46 Pikeman
31:54 Imperial Age
30:11 Wheelbarrow
29:22 Town Watch
32:31 Halberdier
34:41 Gambesons
34:58 Squires
36:02 Chemistry
35:23 Ballistics
36:08 Hand Cart
36:45 Conscription
36:38 Citadels
40:45 Chain Barding Armor
41:00 Iron Casting
Connection lost

Rejoining the realm…

Still unreachable

The connection could not be restored.

Session expired

The server has moved on; the page needs a fresh start.